 Dungeon Crawl Stone Soup version 0.29.1-15-g9cfb28693d (webtiles) character file.

Game seed: 6748810002936427814

2289 booth the Basher (level 9, -13/56 HPs)
             Began as a Gargoyle Monk on Mar 9, 2023.
             Killed from afar by a gargoyle (16 damage)
             ... with a stone arrow
             ... on level 7 of the Dungeon.
             The game lasted 00:50:33 (8053 turns).

booth the Basher (Gargoyle Monk)                    Turns: 8053, Time: 00:50:33

Health: -13/56     AC: 12    Str: 26    XL:     9   Next: 39%
Magic:  9/9        EV: 13    Int: 10    God:
Gold:   376        SH:  0    Dex: 12    Spells: 8/8 levels left

rFire   . . .      SeeInvis .   d - +2 flail (protect)
rCold   . . .      Faith    .   (no shield)
rNeg    + . .      Spirit   .   b - +0 robe
rPois   ∞          Reflect  .   i - +1 helmet
rElec   +          Harm     .   p - +0 cloak
rCorr   .          Rampage  .   (no gloves)
Will    .....                   w - +0 pair of boots
Stlth   +++.......              (no amulet)
HPRegen 0.18/turn               l - +6 ring of strength
MPRegen 0.11/turn               (no ring)

@: no status effects
A: sickness immunity, AC +6, negative energy resistance 1, electricity
resistance, torment resistance 1, petrification resistance
a: no special abilities


You were on level 7 of the Dungeon.
You visited 1 branch of the dungeon, and saw 7 of its levels.

You collected 376 gold pieces.

Inventory:

Hand Weapons
 a - a +0 mace
 d - a +2 flail of protection (weapon)
 u - a +0 war axe
 v - a +0 flail
 C - a +4 hand axe
Missiles
 g - 5 javelins
 t - a curare-tipped dart (quivered)
 A - 19 poisoned darts
 E - 9 boomerangs
Armour
 b - a +0 robe (worn)
 f - a +0 leather armour
 i - a +1 helmet (worn)
 p - a +0 cloak (worn)
 w - a +0 pair of boots (worn)
Jewellery
 l - a +6 ring of strength (left hand)
Wands
 n - a wand of roots (6)
 y - a wand of polymorph (8)
Scrolls
 r - a scroll of noise {unknown}
 s - 2 scrolls of fear
 H - a scroll of magic mapping {unknown}
 I - 2 scrolls of teleportation
Potions
 c - 2 potions of ambrosia
 e - 2 potions of haste
 h - 3 potions of lignification
 j - 5 potions of mutation
 o - 2 potions of flight
 q - a potion of degeneration {unknown}
 z - a potion of brilliance {unknown}
 B - a potion of attraction {unknown}
 F - a potion of might {unknown}
 G - a potion of heal wounds {unknown}


   Skills:
 + Level 6.6 Fighting
 * Level 8.0 Maces & Flails
 + Level 3.4 Throwing
 + Level 4.8 Dodging
 + Level 6.4 Stealth


You had 8 spell levels left.
You didn't know any spells.
Your spell library contained the following spells:

 Spells                   Type           Power      Damage    Failure   Level
 Necrotise                Necr           0%         1d4       36%         1
 Shock                    Conj/Air       0%         1d3       36%         1
 Sting                    Tmut/Pois      0%         1d3       36%         1
 Summon Small Mammal      Summ           0%         N/A       36%         1
 Poisonous Vapours        Pois/Air       0%         N/A       50%         2
 Call Canine Familiar     Summ           0%         N/A       75%         3
 Gell's Gravitas          Tloc           0%         N/A       75%         3
 Ignite Poison            Fire/Tmut/Pois 0%         N/A       75%         3
 Lesser Beckoning         Tloc           0%         N/A       75%         3
 Mephitic Cloud           Conj/Pois/Air  0%         N/A       75%         3
 Summon Guardian Golem    Hex/Summ       0%         N/A       75%         3
 Swiftness                Air            0%         N/A       75%         3
 Teleport Other           Tloc           0%         N/A       75%         3
 Vampiric Draining        Necr           0%         2d6       75%         3
 Airstrike                Air            0%         2d(0-16)  98%         4
 Anguish                  Hex/Necr       0%         N/A       98%         4
 Animate Dead             Necr           0%         N/A       98%         4
 Fulminant Prism          Conj/Hex       0%         3d6       98%         4
 Iskenderun's Mystic Bla  Conj/Tloc      0%         2d3       98%         4
 Olgreb's Toxic Radiance  Pois           0%         N/A       98%         4
 Freezing Cloud           Conj/Ice/Air   0%         6-21      100%        5
 Lee's Rapid Deconstruct  Erth           0%         3d5*      100%        5


Dungeon Overview and Level Annotations

Branches:
Dungeon (7/15)             Temple (0/1) D:7

Altars:
Kikubaaqudgha
Qazlal
Ru
Uskayaw
Wu Jian


Innate Abilities, Weirdness & Mutations

You are immune to sickness and miasma.
Your stone body is resilient. (AC +6)
You are immune to poison.
You resist negative energy. (rN+)
You are resistant to electric shocks. (rElec)
You are resistant to unholy torment.
You are immune to petrification.


Message History

The gargoyle hurls a stone arrow at you.
The stone arrow misses you.
You barely miss the gargoyle.
The gargoyle is severely damaged.
The gargoyle hits you with a +0 flail.
You hit the gargoyle but do no damage.
The gargoyle is severely damaged.
The gargoyle hits you with a +0 flail.
You hit the gargoyle but do no damage.
The gargoyle is severely damaged.
The gargoyle hits you with a +0 flail!
You hit the gargoyle.
The gargoyle is severely damaged.
The gargoyle hurls a stone arrow at you.
The stone arrow hits you!
You hit the gargoyle.
The gargoyle is almost destroyed.
The gargoyle hits you with a +0 flail!
* * * LOW HITPOINT WARNING * * *
You hit the gargoyle but do no damage.
The gargoyle is almost destroyed.
The gargoyle hits you with a +0 flail.
* * * LOW HITPOINT WARNING * * *
You feel better.
The gargoyle hits you but does no damage.
You feel better.
The gargoyle hurls a stone arrow at you.
The stone arrow hits you!
* * * LOW HITPOINT WARNING * * *
You hit the gargoyle but do no damage.
The gargoyle is almost destroyed.
The gargoyle hits you with a +0 flail.
* * * LOW HITPOINT WARNING * * *
Okay, then.
Blink to where?
Press: ? - help, Dir - move target
As you read the scroll of blinking, it crumbles to dust.
The gargoyle hurls a stone arrow at you.
The stone arrow hits you!
You die...

...........####..#
.# ...#
.......###..#
#..###.. ..#
......## ##.#
...#.. ..#..## .#
.... .###.# ..
#...### ## #.#
#..###..... # ##
#....... ###..###
#@...# #....#
..... .######...##
.##..
...........## .#
........##9.# .#
.####....##.####
.# #..##.##....#
.# #....
#####.##..#.#
.###....
..........# #


You could see a gargoyle.

Vanquished Creatures
  Prince Ribbit (D:5)
  Edmund (D:5)
  A water moccasin (D:7)
  An ice beast (D:6)
  4 black bears
  A centaur (D:6)
  An ogre (D:6)
  A bullfrog (D:6)
  2 kobold brigands (D:5)
  3 scorpions
  A necrophage (D:4)
  5 killer bees (D:7)
  6 hounds
  2 jellies
  2 orc priests
  2 orc wizards (D:7)
  4 iguanas
  A gnoll (D:5)
  9 adders
  A white imp (D:5)
  A worm (D:4)
  2 dart slugs (D:1)
  16 orcs
  3 endoplasms
  5 giant cockroaches
  5 goblins
  4 hobgoblins
  3 jackals (D:4)
  A quokka (D:1)
  12 ball pythons
  5 bats
  3 frilled lizards
  19 kobolds
  7 rats
135 creatures vanquished.

Vanquished Creatures (others)
  An adder (D:3)
  A rat (D:3)
2 creatures vanquished.

Grand Total: 137 creatures vanquished

Notes
Turn   | Place    | Note
-------+----------+-------------------------------------------
     0 | D:1      | booth the Gargoyle Monk began the quest for the Orb.
     0 | D:1      | Reached XP level 1. HP: 14/14 MP: 1/1
   202 | D:1      | Reached XP level 2. HP: 17/19 MP: 2/2
   704 | D:1      | Reached XP level 3. HP: 22/23 MP: 3/3
  1289 | D:2      | Found a hide-covered altar of Uskayaw.
  1865 | D:3      | Reached XP level 4. HP: 25/29 MP: 4/4
  2115 | D:3      | Found an ornate altar of the Wu Jian Council.
  2147 | D:3      | Found a faded altar of an unknown god.
  2378 | D:3      | Prayed at the altar of an unknown god.
  2378 | D:3      | Became a worshipper of Kikubaaqudgha
  2378 | D:3      | Reached * piety under Kikubaaqudgha
  2378 | D:3      | Received a gift from Kikubaaqudgha
  2378 | D:3      | Reached ** piety under Kikubaaqudgha
  2393 | D:3      | Fell from the grace of Kikubaaqudgha
  2573 | D:4      | Reached skill level 4 in Maces & Flails
  2767 | D:4      | Reached XP level 5. HP: 25/33 MP: 5/5
  3023 | D:4      | Reached XP level 6. HP: 39/39 MP: 6/6
  3437 | D:5      | Entered Level 5 of the Dungeon
  3571 | D:5      | Reached skill level 5 in Maces & Flails
  4075 | D:5      | Reached XP level 7. HP: 30/44 MP: 7/7
  4381 | D:5      | Found a sacrificial altar of Ru.
  4405 | D:5      | Found a stormy altar of Qazlal.
  4486 | D:5      | Noticed Edmund
  4758 | D:5      | Reached skill level 5 in Fighting
  4760 | D:5      | Killed Edmund
  4761 | D:5      | Reached skill level 1 in Throwing
  5189 | D:5      | Noticed Prince Ribbit
  5202 | D:5      | Killed Prince Ribbit
  5203 | D:5      | Reached skill level 6 in Maces & Flails
  5203 | D:5      | Reached skill level 5 in Stealth
  5203 | D:5      | Reached XP level 8. HP: 26/49 MP: 8/8
  6210 | D:6      | Reached skill level 7 in Maces & Flails
  6499 | D:6      | Reached XP level 9. HP: 55/55 MP: 9/9
  7700 | D:7      | Reached skill level 8 in Maces & Flails
  8021 | D:7      | Found a staircase to the Ecumenical Temple.
  8021 | D:7      | Noticed a gargoyle
  8041 | D:7      | HP: 1/56 [gargoyle/+0 flail (4)]
  8053 | D:7      | Killed from afar by a gargoyle

Illustrated notes

Levels and vault maps discovered:
D:1:      nzn_arrival_depleted_hourglass, layout_basic, kennysheep_small_spiral
D:2:      layout_rooms, basic_altar
D:3:      layout_rooms, nzn_wu_jian_council_hall, ebering_ecumenical_altar_rust
D:4:      layout_basic
D:5:      cheibrodos_thug_alley, layout_basic,
          mainiacjoe_overflow_large_starburst, uniq_prince_ribbit1, uniq_edmund
D:6:      layout_rooms, nicolae_sextant, grunt_ministairs_12
D:7:      layout_layer_cave, minmay_temple_entry_waves

Skill      XL: |  1  2  3  4  5  6  7  8  9 |
---------------+----------------------------+-----
Stealth        | 3 4 5 6 |  6.4
Fighting       | 4 5 6 |  6.6
Maces & Flails | 4 5 6 7 8 |  8.0
Dodging        | 3 4 |  4.8
Throwing       | 1 2 3 |  3.4

Action                   |  1- 3 |  4- 6 |  7- 9 || total
-------------------------+-------+-------+-------++-------
Melee: Mace              |   131 |   106 |    60 ||   297
       Punch             |     4 |       |     3 ||     7
       Flail             |       |       |   188 ||   188
Throw: Dart              |       |     4 |     2 ||     6
       Javelin           |       |    14 |    12 ||    26
Invok: Unearth Wretches  |       |     1 |       ||     1
       Renounce Religion |       |     1 |       ||     1
Evoke: Wand              |       |       |     8 ||     8
  Use: Scroll            |     3 |     2 |     6 ||    11
       Potion            |       |       |     3 ||     3
 Stab: Sleeping          |     4 |     1 |     1 ||     6
       Distracted        |       |       |     1 ||     1
Armor: Robe              |    54 |    31 |   117 ||   202
Dodge: Dodged            |   113 |    71 |   168 ||   352
